cohdb
Replays
Latest Replays
All Replays
Popular Replays
Top Player Replays
Match Explorer
How It Works
Community
CoH3 Stats
Reddit
Sign in to upload your games and track your stats! →
Sign in with Steam
Match 43755125
Unlisted
Match 43755125
Overview
Messages
Build Orders
End
Construct Section Command Post
Infantry Section
Infantry Section
Selects Australian Defense Battlegroup
Selects Australian Light Infantry Section
Vickers Machine Gun Team
Infantry Section
Construct Platoon Command Post
Humber Armored Car
Selects 2-pounder Anti-tank Gun Team
Royal Engineer Section
2-pounder Anti-tank Gun Team
2-pounder Anti-tank Gun Team
Grenade Package
Construct Company Command Post
Selects Vehicle Over Repair
2-pounder Anti-tank Gun Team
Symbiosis
CAuMOH
*Mule
FeriG
0
0
Comments
sign in to comment!
No comments posted yet!